 Dungeon Crawl Stone Soup version bcrawl-1.27.6 (webtiles) character file.

Game seed: 747929387949166252

137483 Faustar the Skirmisher (level 4, -9/52 HPs)
             Began as an Ogre Berserker on Sept 9, 2020.
             Was a Believer of Trog.
             Killed by divine providence
             ... invoked by an orc priest
              (11 damage)
             ... on level 3 of the Dungeon.
             The game lasted 00:01:41 (1959 turns).

Faustar the Skirmisher (Ogre Berserker)             Turns: 1959, Time: 00:01:41

Health: -9/52      AC:  3    Str: 22    XL:     4   Next: 78%
Magic:  4/4        EV: 10    Int:  8    God:    Trog [**....]
Gold:   134        SH:  0    Dex:  8    Spells: 3/3 levels left

rFire    . . .     SeeInvis .   a - +0 mace
rCold    . . .     Gourm    .   (no shield)
rNeg     . . .     Faith    .   b - +0 animal skin
rPois    .         Spirit   .   (helmet restricted)
rElec    .         Reflect  .   (no cloak)
rCorr    .         Harm     .   (gloves unavailable)
MR       .....                  (boots unavailable)
Stlth    +.........             (no amulet)
HPRegen  0.17/turn              (no ring)
MPRegen  0.09/turn              (no ring)

@: no status effects
A: large, unfitting armour, tough skin 1
a: Berserk, Trog's Hand, Renounce Religion


You were on level 3 of the Dungeon.
You worshipped Trog.
Trog was pleased with you.
You were hungry.

You visited 1 branch of the dungeon, and saw 3 of its levels.

You collected 134 gold pieces.

Inventory:

Hand Weapons
 a - a +0 mace (weapon)
Missiles
 c - a throwing net {=f}
Armour
 b - a +0 animal skin (worn)
Jewellery
 d - a cursed amulet of inaccuracy {unknown}
Scrolls
 f - a scroll of teleportation {unknown}
 g - a scroll of fog {unknown}
 h - 3 scrolls of identify
 l - a scroll of remove curse {unknown}
Potions
 j - a potion of ambrosia {unknown}
 k - 3 potions of curing {unknown}
Comestibles
 e - a ration {!d}


   Skills:
 + Level 5.7 Fighting
 + Level 5.2 Maces & Flails
 - Level 2.6 Dodging


You had 3 spell levels left.
You didn't know any spells.
Your spell library was empty.

Dungeon Overview and Level Annotations

Branches:
Dungeon (3/12)

Altars:
Nemelex Xobeh


Innate Abilities, Weirdness & Mutations

You are too large for most types of armour.
You have tough skin. (AC +1)


Message History

The orc priest hits you but does no damage.
Items here: ) [[ † a +0 hand axe; a +0 ring mail; a +0 leather armour; an orc corpse You completely miss the orc priest.
The orc barely misses you.
The orc priest hits you with a +0 dagger.
* * * LOW HITPOINT WARNING * * *
You hit the orc priest.
The orc priest is lightly wounded.
The orc hits you with a +0 flail.
* * * LOW HITPOINT WARNING * * *
The orc priest hits you but does no damage.
You hit the orc priest but do no damage.
The orc priest is lightly wounded.
The orc priest hits you but does no damage.
The orc barely misses you.
You thump the orc priest!
The orc priest is severely wounded.
The orc priest calls down the wrath of Beogh upon you.
Beogh smites you!
You die...

### ..# #+## #.#
#...## #.# #.....#
##<## ##.......
###...####o.......
#........'@.......
#.#...##.#o.......
#.##.###.##.......
# ...# #.# #(....#
.#### #.# #...## #
#.# #+## #.# ..#
...


You could see an orc priest and an orc.

Vanquished Creatures
  An orc priest (D:3)
  An adder (D:2)
  An ooze (D:1)
  2 worms (D:2)
  A dart slug (D:1)
  5 leopard geckos
  An orc (D:3)
  A ball python (D:2)
  5 hobgoblins
  4 jackals (D:1)
  6 kobolds
  A quokka (D:2)
  5 bats
  4 frilled lizards
  3 goblins
  7 rats
48 creatures vanquished.

Notes
Turn   | Place    | Note
-------+----------+-------------------------------------------
     0 | D:1      | Faustar the Ogre Berserker began the quest for the Orb.
     0 | D:1      | Reached XP level 1. HP: 24/24 MP: 1/1
   191 | D:1      | Reached XP level 2. HP: 5/33 MP: 2/2
   449 | D:1      | Reached XP level 3. HP: 30/40 MP: 3/3
   667 | D:1      | Reached ** piety under Trog
   729 | D:1      | Reached skill level 5 in Fighting
  1349 | D:2      | Found a sparkling altar of Nemelex Xobeh.
  1457 | D:2      | Reached XP level 4. HP: 44/50 MP: 4/4
  1947 | D:3      | Reached skill level 5 in Maces & Flails
  1957 | D:3      | HP: 2/52 [orc/+0 flail (5)]
  1959 | D:3      | Killed from afar by an orc priest

Skill      XL: |  1  2  3  4 |
---------------+-------------+-----
Maces & Flails | 4 5 |  5.2
Fighting       | 5 |  5.7
Dodging        | |  2.6

Action                   |  1- 3 |  4- 6 || total
-------------------------+-------+-------++-------
Melee: Mace              |   142 |    40 ||   182
 Stab: Sleeping          |       |     1 ||     1
  Eat: Chunk             |     5 |     3 ||     8
Armor: Animal skin       |    33 |     4 ||    37
Dodge: Dodged            |   106 |    24 ||   130
